 Dungeon Crawl Stone Soup version 0.27-a0-1202-ge72e49191c (webtiles) character file.

Game seed: 17463855349928983468

2254 bilbop the Basher (level 9, -7/71 (75) HPs)
             Began as a Minotaur Hunter on June 4, 2021.
             Was a Follower of Trog.
             Mangled by a hornet (9 damage)
             ... on level 7 of the Dungeon.
             The game lasted 00:28:28 (7703 turns).

bilbop the Basher (Minotaur Hunter)                 Turns: 7703, Time: 00:28:28

HP:   -7/71 (75)    AC: 10    Str: 19    XL:     9   Next: 15%
MP:   0/10          EV:  8    Int:  8    God:    Trog [*.....]
Gold: 303           SH:  0    Dex: 12    Spells: 8/8 levels left

rFire    . . .     SeeInvis .   b - +1 hand crossbow
rCold    . . .     Faith    .   (no shield)
rNeg     . . .     Spirit   +   c - +0 chain mail
rPois    .         Reflect  .   (helmet restricted)
rElec    .         Harm     .   (no cloak)
rCorr    .         Rampage  .   (no gloves)
Will     .....                  (no boots)
Stlth    ..........             i - amulet of guardian spirit
HPRegen  0.21/turn              (no ring)
MPRegen  0.12/turn              (no ring)

@: slowed, drained, very slow
A: horns 2, retaliatory headbutt
a: Renounce Religion, Berserk


You were on level 7 of the Dungeon.
You worshipped Trog.
Trog was aware of your devotion.
You visited 2 branches of the dungeon, and saw 8 of its levels.
You also visited: Ossuary.

You collected 303 gold pieces.

Inventory:

Hand Weapons
 a - a +0 vorpal mace
 b - a +1 hand crossbow (weapon)
Missiles
 d - 4 bolts (quivered ammo)
Armour
 c - a +0 chain mail (worn)
 s - a +0 scale mail
Jewellery
 i - an amulet of guardian spirit (around neck)
Wands
 u - a wand of flame (16)
Scrolls
 e - 4 scrolls of blinking
 g - a scroll of fear {unknown}
 l - a scroll of immolation {unknown}
 p - a scroll of enchant armour {unknown}
 x - a scroll of torment {unknown}
Potions
 f - a potion of mutation {unknown}
 h - a potion of ambrosia {unknown}
 j - a potion of heal wounds {unknown}
 m - 2 potions of curing
 n - 2 potions of berserk rage {unknown}
 t - a potion of haste
 z - a potion of cancellation {unknown}
 A - a potion of might {unknown}
 B - 2 potions of attraction {unknown}


   Skills:
 + Level 6.2 Fighting
 * Level 8.0 Maces & Flails
 + Level 6.9 Crossbows
 + Level 5.6 Armour
 - Level 2.1 Dodging
 - Level 0.7 Stealth
 + Level 5.2 Shields
 + Level 2.9 Invocations


You had 8 spell levels left.
You didn't know any spells.
Your spell library contained the following spells:

 Spells                   Type           Power      Damage    Failure   Level
 Sandblast                Erth           0%         2d4       99%         1
 Passwall                 Tmut/Erth      0%         N/A       100%        2
 Stone Arrow              Conj/Erth      0%         3d7       100%        3
 Petrify                  Tmut/Erth      0%         N/A       100%        4
 Lee's Rapid Deconstruct  Erth           0%         3d5*      100%        5


Dungeon Overview and Level Annotations

Branches:
Dungeon (7/15)             Temple (1/1) D:4         Ossuary (visited)

Altars:
Ashenzari
Cheibriados
Dithmenos
Elyvilon
Fedhas
Gozag
Hepliaklqana
Kikubaaqudgha
Makhleb
Nemelex Xobeh
Okawaru
Qazlal
Ru
Sif Muna
Trog
Uskayaw
Vehumet
Wu Jian
Xom
Yredelemnul
Zin
The Shining One

Shops:
D:6 *

Annotations:
D:5 3 runed translucent doors, deadmanwalking's ghost, weakling SpDe


Innate Abilities, Weirdness & Mutations

You have a pair of horns on your head.
You reflexively headbutt those who attack you in melee.


Message History

Fire: 7 bolts
Press: ? - help, Q - select action, (/) - cycle Shift-Dir - straight line, f/p - hornet
Aim: a hornet (57% to hit)
You shoot a bolt. The bolt hits the hornet!
The hornet is moderately wounded.
You feel very sick. The hornet stings you.
You feel as though you will be slow longer.
The hornet stings you!
You feel as though you will be slow longer.
The hornet stings you!
* * * LOW HITPOINT WARNING * * *
You are more poisoned.
You feel as though you will be slow longer.
Fire: 6 bolts
Press: ? - help, Q - select action, (/) - cycle Shift-Dir - straight line, f/p - hornet
Aim: a hornet (moderately wounded, 57% to hit)
You shoot a bolt. The bolt closely misses the hornet.
* * * LOW HITPOINT WARNING * * *
You feel extremely sick.
The hornet stings you but does no damage.
The hornet stings you!
* * * LOW HITPOINT WARNING * * *
You are more poisoned.
You feel as though you will be slow longer.
The hornet stings you.
* * * LOW HITPOINT WARNING * * *
You feel as though you will be slow longer.
You feel better. The hornet stings you!
* * * LOW HITPOINT WARNING * * *
You feel as though you will be slow longer.
The hornet stings you but does no damage.
Fire: 5 bolts
Press: ? - help, Q - select action, (/) - cycle Shift-Dir - straight line, f/p - hornet
Aim: a hornet (moderately wounded, 57% to hit)
You shoot a bolt. The bolt hits the hornet!
The hornet is severely wounded.
The hornet stings you but does no damage.
The hornet stings you!
You die...

... #.. #.# #.#
# #.# .# # #.#
.(# #(#.#...#
#((@y..(#
#...)()..#
#.#...(.(... #
#..###.### #..#
.# #..# .##
#.#.#####..####
........z......
.n....)<#


You could see a hornet.

Vanquished Creatures
  Prince Ribbit (D:6)
  Eustachio (D:5)
  2 ice beasts
  A sky beast (D:6)
  A black bear (D:6)
  An orc warrior (D:6)
  2 ogres (D:5)
  2 necrophages
  2 elf zombies (Ossuary)
  A scorpion (D:5)
  A water moccasin zombie (D:5)
  A water moccasin skeleton (D:5)
  4 wights
  A howler monkey (D:7)
  5 centaur zombies
  2 hounds
  Jessica (D:3)
  Natasha (thrice) (D:4)
  2 iguanas
  2 orc wizards (D:6)
  2 hound zombies (Ossuary)
  3 mummies (Ossuary)
  A howler monkey zombie (D:6)
  A howler monkey skeleton (D:5)
  5 adders
  5 adder zombies (Ossuary)
  A worm (D:2)
  2 dart slugs
  6 orcs
  2 bats
  4 endoplasms
  A goblin (D:4)
  3 hobgoblins
  5 jackals
  4 quokkas
  4 ball pythons
  A frilled lizard (D:1)
  2 gnoll zombies (Ossuary)
  4 goblin zombies (Ossuary)
  2 hobgoblin zombies (Ossuary)
  A jackal zombie (Ossuary)
  4 kobolds
  3 kobold zombies (Ossuary)
  4 quokka zombies (Ossuary)
  2 rats
  4 rat zombies (Ossuary)
112 creatures vanquished.

Notes
Turn   | Place    | Note
-------+----------+-------------------------------------------
     0 | D:1      | bilbop the Minotaur Hunter began the quest for the Orb.
     0 | D:1      | Reached XP level 1. HP: 18/18 MP: 0/0
   144 | D:1      | Found a faded altar of an unknown god.
   561 | D:1      | Reached skill level 1 in Maces & Flails
   561 | D:1      | Reached XP level 2. HP: 25/25 MP: 1/1
   938 | D:2      | Reached skill level 1 in Armour
   938 | D:2      | Reached skill level 1 in Shields
   940 | D:2      | Reached XP level 3. HP: 12/30 MP: 2/2
  1197 | D:2      | Reached skill level 2 in Maces & Flails
  1633 | D:3      | Noticed Jessica
  1645 | D:3      | Killed Jessica
  1646 | D:3      | Reached XP level 4. HP: 22/38 MP: 3/3
  2459 | D:4      | Noticed Natasha
  2463 | D:4      | Killed Natasha
  2465 | D:4      | Identified the +1 robe of the Storm King {-Tele Harm Dex+8
                  | SInv}
  2621 | D:4      | Reached skill level 3 in Maces & Flails
  2739 | D:4      | Noticed Natasha
  2741 | D:4      | Reached XP level 5. HP: 21/45 MP: 4/4
  2749 | D:4      | Killed Natasha
  2750 | D:4      | Reached skill level 5 in Crossbows
  3030 | D:4      | Found an ornate altar of the Wu Jian Council.
  3047 | D:4      | Noticed Natasha
  3059 | D:4      | Killed Natasha
  3184 | D:4      | Noticed a necrophage
  3189 | D:4      | Killed a necrophage
  3190 | D:4      | Reached skill level 4 in Maces & Flails
  3190 | D:4      | Reached XP level 6. HP: 52/52 MP: 5/5
  3258 | D:4      | You fall into a shaft and drop 1 floor!
  3258 | D:5      | Entered Level 5 of the Dungeon
  3274 | D:5      | Noticed a wyvern
  3274 | D:5      | Noticed deadmanwalking's ghost (weakling SpDe)
  3275 | D:5      | Found a runed translucent gate.
  3281 | D:5      | Found a runed translucent gate.
  3281 | D:5      | Found a runed translucent gate.
  3281 | D:5      | Noticed Eustachio
  3296 | D:5      | Killed Eustachio
  3386 | D:5      | Reached XP level 7. HP: 59/60 MP: 6/6
  3456 | D:4      | Found a staircase to the Ecumenical Temple.
  3465 | Temple   | Entered the Ecumenical Temple
  3772 | Temple   | Became a worshipper of Trog the Wrathful
  3817 | D:4      | Reached skill level 5 in Maces & Flails
  4655 | D:5      | Reached skill level 5 in Fighting
  4655 | D:5      | Reached skill level 6 in Maces & Flails
  5081 | D:6      | Noticed Prince Ribbit
  5123 | D:6      | Killed Prince Ribbit
  5124 | D:6      | Reached skill level 1 in Invocations
  5124 | D:6      | Reached XP level 8. HP: 13/68 MP: 7/7
  5436 | D:6      | Found a sand-covered staircase.
  5448 | Ossuary  | Entered an ossuary
  5575 | Ossuary  | Reached * piety under Trog
  5717 | Ossuary  | Reached skill level 7 in Maces & Flails
  6132 | D:6      | Found Ehon's Assorted Antiques.
  6156 | D:6      | Reached skill level 5 in Armour
  6548 | D:6      | Reached skill level 5 in Shields
  7083 | D:6      | Reached XP level 9. HP: 75/75 MP: 9/9
  7666 | D:7      | Reached skill level 8 in Maces & Flails
  7702 | D:7      | HP: 1/71 [hornet (8)]
  7703 | D:7      | Mangled by a hornet

Illustrated notes

Levels and vault maps discovered:
D:1:      elethiomel_arrival_quiet, layout_basic,
          shapermc_ecumenical_altar_flowoftime
D:2:      layout_loops_cross
D:3:      layout_loops_ring, uniq_jessica
D:4:      layout_loops_ring, nzn_wu_jian_contemplation,
          minmay_temple_entry_statues_pillars, grunt_decor_arrowhead,
          uniq_natasha
D:5:      layout_cave_pools, gammafunk_ghost_split, kennysheep_potato,
          uniq_eustachio
D:6:      layout_loops_corners, serial_shops, nicolae_shop_crystal,
          lightli_ossuary_entry_decrepit_ruins, uniq_prince_ribbit1
D:7:      layout_basic
Temple:   regret_index_temple_sigil_plot

Skill      XL: |  1  2  3  4  5  6  7  8  9 |
---------------+----------------------------+-----
Maces & Flails | 1 2 3 4 6 7 8 |  8.0
Armour         | 1 2 3 4 5 |  5.6
Shields        | 1 2 3 4 5 |  5.2
Fighting       | 3 4 5 6 |  6.2
Crossbows      | 5 6 |  6.9
Invocations    | 1 2 |  2.9
Dodging        | |  2.1
Stealth        | |  0.7

Action                   |  1- 3 |  4- 6 |  7- 9 || total
-------------------------+-------+-------+-------++-------
Melee: Mace              |    10 |    38 |   130 ||   178
       Headbutt          |     1 |     4 |    24 ||    29
 Fire: Hand crossbow     |    46 |    45 |   161 ||   252
  Use: Scroll            |       |       |     6 ||     6
       Potion            |       |       |     1 ||     1
Armor: Leather armour    |     2 |       |       ||     2
       Ring mail         |     3 |     5 |       ||     8
       Scale mail        |       |     8 |    70 ||    78
       Chain mail        |       |       |    17 ||    17
Dodge: Dodged            |     7 |    18 |    74 ||    99

Table legend: (Time is in decaauts)
 A = Elapsed time spent in this place.
 B = Non-inter-level travel time spent in this place.
 C = Inter-level travel time spent in this place.
 D = Time resting spent in this place.
 E = Time spent auto-exploring this place.
 F = Levels seen in this place.
 G = Mean time per level.
                   A        B        C        D        E       F      G
               +--------+--------+--------+--------+--------+-----+--------+
         Total |   7751 |   7498 |    253 |   1624 |   4734 |   9 |  861.2 |
       Dungeon |   6781 |   6578 |    203 |   1401 |   4455 |   7 |  968.7 |
        Temple |    331 |    281 |     50 |      0 |    279 |   1 |  331.0 |
       Ossuary |    638 |    638 |      0 |    223 |      0 |   1 |  638.0 |
               +--------+--------+--------+--------+--------+-----+--------+

Top non-repeatable levels by time:
     D:6: 1838 daAuts
     D:4: 1177 daAuts
     D:5: 1122 daAuts
     D:3: 821 daAuts
     D:2: 819 daAuts
     D:1: 792 daAuts
 Ossuary: 638 daAuts
  Temple: 331 daAuts
     D:7: 211 daAuts
